 Dungeon Sprint DCSS version 0.20-a0-251-g16a58bf (webtiles) character file.

8837 Dfrag the Protected (level 11, -14/120 HPs)
             Began as a Gargoyle Fighter on Nov 30, 2016.
             Was the Champion of Okawaru.
             Killed from afar by Jory (23 damage)
             ... with a crystal spear
             ... in the Dungeon (Sprint VII: "The Pits").
             The game lasted 00:05:20 (2391 turns).

Dfrag the Protected (Gargoyle Fighter)              Turns: 2391, Time: 00:05:21

Health: -14/120    AC: 31    Str: 26    XL:     11   Next: 37%
Magic:  11/11      EV:  8    Int: 11    God:    Okawaru [******]
Gold:   3          SH: 14    Dex: 12    Spells: 10/10 levels left

rFire  . . .     SeeInvis .     t - +2 flail (crush)
rCold  . . .     Gourm    .     z - +3 plate armour
rNeg   + . .     Faith    .     c - +0 shield
rPois  ∞         Spirit   .     x - +0 helmet
rElec  +         Reflect  .     (no cloak)
rCorr  .         Harm     .     (no gloves)
MR     .....     NoTele   +     (no boots)
Stlth  ..........               (no amulet)
                                w - +3 ring of intelligence
                                v - +3 ring of protection

@: mighty, berserking (expiring), very slightly contaminated, hasted, very quick
A: negative energy resistance 1, electricity resistance, unbreathing,
petrification resistance, rot immunity, AC +7
a: Heroism, Finesse, Renounce Religion


You were in the Dungeon.
You worshipped Okawaru.
Okawaru was exalted by your worship.
You were not hungry.

You visited 1 branch You collected 3 gold pieces.

Inventory:

Hand Weapons
 a - a +0 flail
 l - a +2 mace
 t - a +2 flail of crushing (weapon)
Missiles
 u - 5 steel javelins (quivered)
Armour
 b - the +0 ring mail of a ziggurat {rElec rF- Str+2 Dex+4}
   (Okawaru gifted it to you in the Dungeon)

   It affects your strength (+2).
   It affects your dexterity (+4).
   It makes you vulnerable to fire.
   It insulates you from electricity.
 c - a +0 shield (worn)
 x - a +0 helmet (worn)
 z - a +3 plate armour (worn)
Jewellery
 v - a +3 ring of protection (left hand)
 w - a +3 ring of intelligence (right hand)
Scrolls
 n - 3 scrolls of remove curse
 o - 5 scrolls of amnesia
 p - a scroll of summoning
Potions
 d - a potion of might
 e - 7 potions of curing
 g - 10 potions of heal wounds
 h - a potion of haste
 i - 4 potions of magic
 j - a potion of berserk rage
 m - 2 potions of invisibility
Comestibles
 f - 8 bread rations
 q - 40 fruits
 r - 7 meat rations


   Skills:
 + Level 14.8 Fighting
 + Level 13.7 Maces & Flails
 + Level 14.9 Armour
 - Level 14.8 Shields
 * Level 0.0 Invocations


You had 10 spell levels left.
You didn't know any spells.

Dungeon Overview and Level Annotations

Branches:
Dungeon (1/1)

Altars:
Ashenzari
Cheibriados
Dithmenos
Elyvilon
Fedhas
Gozag
Hepliaklqana
Kikubaaqudgha
Makhleb
Nemelex Xobeh
Okawaru
Qazlal
Ru
Sif Muna
Trog
Uskayaw
Vehumet
Xom
Yredelemnul
Zin
The Shining One
Beogh
Jiyva
Lugonu

Annotations:
D Jory


Innate Abilities, Weirdness & Mutations

You are resistant to torment.
Your stone body is resilient. (AC +7)
You are immune to poison.
You resist negative energy. (rN+)
You are resistant to electric shocks. (rElec)
You can survive without breathing.
You are immune to petrification.
You are immune to rotting.


Message History

Jory is heavily damaged.
The merfolk hits you but does no damage.
Jory hits you but does no damage. Jory bites you but does no damage.
Unknown command.
Press < or > to pray at altars.
You closely miss Jory.
Jory is heavily damaged.
Unknown command.
Press < or > to pray at altars.
You hit Jory but do no damage.
Jory is heavily damaged.
Unknown command.
Press < or > to pray at altars.
You hit Jory.
Jory is heavily damaged.
The merfolk hits you from afar with a trident.
* * * LOW HITPOINT WARNING * * *
Jory points at you and mumbles some strange words.
The crystal spear hits you!
You die...

#m# #3# #m# #m# # ##.#
#..#V#########
#############.............
#__________##.............
#________@_###########''##
#____#####V###########m'##
######)))#m##.............
#.?(.').)'.##......#..#...
##########.##.............
#...))..[)..'....V........
#'#####)#####......#..#...
#.#.....#..##..(..p.......
#.#.....#))#####'#####''##


You could see Jory and a merfolk.

Vanquished Creatures
  A ghost moth (D)
  A sixfirhy (D)
  3 flayed ghosts (D)
  A hill giant (D)
  Pikel (D)
  A manticore (D)
  2 cyclopes (D)
  Maurice (D)
  An eye of devastation (D)
  A gargoyle (D)
  An ice devil (D)
  A polar bear (D)
  A shadow (D)
  4 basilisks (D)
  2 fire bats (D)
  Menkaure (D)
  A floating eye (D)
  An orc warrior (D)
  An ice beast (D)
  4 wolves (D)
  2 necrophages (D)
  2 centaurs (D)
  A gnoll sergeant (D)
  6 wights (D)
  A jelly (D)
  3 orc priests (D)
  A hound (D)
  An orc wizard (D)
  3 gnolls (D)
  An ooze (D)
  6 orcs (D)
  A ball python (D)
  A bat skeleton (D)
  A bat zombie (D)
  2 giant cockroaches (D)
  4 goblins (D)
  A quokka (D)
  2 bats (D)
  A frilled lizard (D)
70 creatures vanquished.

Vanquished Creatures (others)
  A large abomination (D)
  A slave (D)
  A wight (D)
  A giant cockroach simulacrum (D)
  A rat (D)
5 creatures vanquished.

Grand Total: 75 creatures vanquished

Notes
Turn   | Place    | Note
-------+----------+-------------------------------------------
     0 | D        | Dfrag the Gargoyle Fighter began the quest for the Orb.
     0 | D        | Reached XP level 1. HP: 14/14 MP: 1/1
    64 | D        | Found a radiant altar of Vehumet.
    64 | D        | Found a hide-covered altar of Uskayaw.
    64 | D        | Found an ancient bone altar of Kikubaaqudgha.
    64 | D        | Found a viscous altar of Jiyva.
    64 | D        | Found a hazy altar of Hepliaklqana.
    65 | D        | Found a bloodstained altar of Trog.
    65 | D        | Found a deep blue altar of Sif Muna.
    65 | D        | Found a sacrificial altar of Ru.
    65 | D        | Found a stormy altar of Qazlal.
    65 | D        | Found an iron altar of Okawaru.
    65 | D        | Found a sparkling altar of Nemelex Xobeh.
    65 | D        | Found an opulent altar of Gozag.
    65 | D        | Found a blossoming altar of Fedhas.
    65 | D        | Found a white marble altar of Elyvilon.
    65 | D        | Found a shadowy altar of Dithmenos.
    65 | D        | Found a snail-covered altar of Cheibriados.
    66 | D        | Found a glowing golden altar of the Shining One.
    66 | D        | Found a glowing silver altar of Zin.
    67 | D        | Found a burning altar of Makhleb.
    67 | D        | Found a basalt altar of Yredelemnul.
    67 | D        | Found a roughly hewn altar of Beogh.
    68 | D        | Found a corrupted altar of Lugonu.
    68 | D        | Found a shimmering altar of Xom.
    68 | D        | Found a shattered altar of Ashenzari.
    73 | D        | Became a worshipper of Warmaster Okawaru
    94 | D        | Reached XP level 2. HP: 20/20 MP: 2/2
   101 | D        | Noticed a necrophage
   101 | D        | Noticed a floating eye
   103 | D        | Paralysed by a floating eye for 4 turns
   111 | D        | Paralysed by a floating eye for 2 turns
   115 | D        | Paralysed by a floating eye for 3 turns
   120 | D        | Paralysed by a floating eye for 2 turns
   124 | D        | Killed a necrophage
   124 | D        | Reached * piety under Okawaru
   124 | D        | Reached skill level 5 in Fighting
   124 | D        | Reached skill level 5 in Armour
   124 | D        | Reached skill level 5 in Shields
   124 | D        | Reached XP level 3. HP: 17/27 MP: 3/3
   124 | D        | Reached XP level 4. HP: 21/32 MP: 4/4
   127 | D        | Killed a floating eye
   127 | D        | Reached skill level 5 in Maces & Flails
   127 | D        | Reached XP level 5. HP: 25/38 MP: 5/5
   284 | D        | Noticed a slave
   285 | D        | Noticed a slave
   285 | D        | Noticed a centaur
   285 | D        | Noticed a fire bat
   285 | D        | Noticed a slave
   286 | D        | Noticed Pikel
   286 | D        | Noticed a slave
   290 | D        | Reached XP level 6. HP: 40/44 MP: 6/6
   293 | D        | Killed a fire bat
   304 | D        | Reached ** piety under Okawaru
   304 | D        | Reached XP level 7. HP: 47/50 MP: 7/7
   310 | D        | Killed Pikel
   310 | D        | Reached *** piety under Okawaru
   310 | D        | Reached skill level 10 in Fighting
   310 | D        | Reached skill level 10 in Armour
   310 | D        | Reached XP level 8. HP: 52/57 MP: 8/8
   330 | D        | Reached skill level 10 in Shields
   366 | D        | Noticed a flayed ghost
   384 | D        | Killed a flayed ghost
   384 | D        | Received a gift from Okawaru
   384 | D        | Reached **** piety under Okawaru
   391 | D        | Reached skill level 10 in Maces & Flails
   877 | D        | Noticed Maurice
   920 | D        | Killed Maurice
   920 | D        | Reached XP level 9. HP: 56/64 MP: 9/9
   977 | D        | Reached ***** piety under Okawaru
   984 | D        | Noticed a manticore
   996 | D        | Killed a manticore
  1137 | D        | Noticed an eye of devastation
  1156 | D        | Killed an eye of devastation
  1435 | D        | Noticed a hill giant
  1444 | D        | Killed a hill giant
  1444 | D        | Received a gift from Okawaru
  1444 | D        | Reached XP level 10. HP: 50/72 MP: 10/10
  1445 | D        | Got an ancient ring mail {god gift}
  1478 | D        | Identified the +0 ring mail of a ziggurat {rElec rF- Str+2 Dex+4} (Okawaru gifted it to you in the Dungeon)
  1589 | D        | Killed a ghost moth
  1730 | D        | Noticed a sixfirhy
  1765 | D        | Killed a sixfirhy
  1781 | D        | Reached XP level 11. HP: 31/80 MP: 11/11
  2004 | D        | Noticed a flayed ghost
  2009 | D        | Noticed Menkaure
  2013 | D        | Received a gift from Okawaru
  2026 | D        | Killed a flayed ghost
  2028 | D        | Reached ****** piety under Okawaru
  2028 | D        | Received a gift from Okawaru
  2034 | D        | Noticed a cyclops
  2050 | D        | Killed a cyclops
  2051 | D        | Killed Menkaure
  2313 | D        | Noticed a cyclops
  2313 | D        | Noticed a flayed ghost
  2320 | D        | Killed a flayed ghost
  2327 | D        | Killed a cyclops
  2347 | D        | Noticed Jory
  2347 | D        | Noticed a sixfirhy
  2348 | D        | Noticed a merfolk javelineer
  2391 | D        | Killed from afar by Jory

Vault maps used:
D:        pitsprint

Skill      XL: |  1  2  3  4  5  6  7  8  9 10 |
---------------+-------------------------------+-----
Armour         | 4 5 7 8 10 11 12 14 | 14.9
Fighting       | 5 7 8 10 11 12 14 | 14.8
Maces & Flails | 4 5 6 7 8 10 11 13 | 13.7
Shields        | 5 6 7 8 9 11 12 14 | 14.8

Action                   |  1- 3 |  4- 6 |  7- 9 | 10-12 || total
-------------------------+-------+-------+-------+-------++-------
Melee: Mace              |    21 |     3 |       |       ||    24
       Flail             |     3 |    16 |   134 |   209 ||   362
  Use: Potion            |       |       |       |    11 ||    11
       Scroll            |       |       |       |     1 ||     1
  Eat: Chunk             |       |       |     1 |     4 ||     5
Armor: Scale mail        |    18 |       |       |       ||    18
       Chain mail        |       |     6 |    25 |       ||    31
       Plate armour      |       |       |    33 |   157 ||   190
Dodge: Dodged            |     6 |     7 |    22 |    27 ||    62
Block: Shield            |     8 |    10 |    56 |   105 ||   179
